[Event "Titled Tuesday Blitz March 29 Early 2022"]
[White "Perez Ponsa, Federico"]
[Black "Ezat, Mohamed"]
[WhiteFideId "117927"]
[BlackFideId "10600906"]
[WhiteElo "2672"]
[BlackElo "2386"]
[Result "1-0"]
[Round "02"]
[TimeControl "180+1"]
[Date "2022.03.29"]
[WhiteClock "0:01:38"]
[BlackClock "0:00:48"]

1. d4 Nf6 2. c4 g6 3. Nc3 Bg7 4. e4 d6 5. h3 O-O 6. Bg5 c5 7. d5 b5 8. cxb5 a6 9. a4 Qa5 10. Bd2 Qd8 11. Nf3 e6 12. Bc4 exd5 13. Bxd5 Nxd5 14. Nxd5 axb5 15. axb5 Rxa1 16. Qxa1 Re8 17. O-O Bb7 18. Qa7 Bxd5 19. exd5 Qd7 20. b6 Qb5 21. Ra1 h6 22. Qc7 Na6 23. Qc6 Qxc6 24. dxc6 Nb4 25. Bxb4 cxb4 26. b7 d5 27. c7 1-0


[Site "https://www.chess.com"]

[Event "Titled Tuesday Blitz March 29 Early 2022"]
[White "Pesotskiy, Mikhail"]
[Black "Aravindh, Chithambaram VR."]
[WhiteFideId "34164453"]
[BlackFideId "5072786"]
[WhiteElo "2010"]
[BlackElo "2561"]
[Result "0-1"]
[Round "02"]
[TimeControl "180+1"]
[Date "2022.03.30"]
[WhiteClock "0:02:13"]
[BlackClock "0:02:09"]

1. d4 g6 2. c4 Bg7 3. e4 d6 4. Nc3 e5 5. d5 Ne7 6. h4 h6 7. h5 g5 8. Be2 f5 9. exf5 Bxf5 10. Bg4 Nd7 11. Bxf5 Nxf5 12. Qd3 O-O 13. Nge2 Nc5 14. Qh3 g4 15. Qxg4 Nd3+ 16. Kd2 Nxf2 17. Qg6 Nxh1 18. Ne4 0-1


[Site "https://www.chess.com"]

[Event "Titled Tuesday Blitz March 29 Early 2022"]
[White "Piesik, Piotr"]
[Black "Paravyan, David"]
[WhiteFideId "1136194"]
[BlackFideId "4194985"]
[WhiteElo "2190"]
[BlackElo "2569"]
[Result "0-1"]
[Round "02"]
[TimeControl "180+1"]
[Date "2022.03.29"]
[WhiteClock "0:01:50"]
[BlackClock "0:01:57"]

1. Nf3 Nf6 2. g3 c5 3. Bg2 Nc6 4. O-O e5 5. d3 d5 6. Nbd2 Be7 7. e4 O-O 8. c3 d4 9. cxd4 cxd4 10. Nc4 Qc7 11. a4 Be6 12. Ne1 Rfd8 13. Bd2 Bxc4 14. dxc4 Bb4 15. Nd3 Bxd2 16. Qxd2 a5 17. h3 Qe7 18. Rae1 Nb4 19. f4 Nxd3 20. Qxd3 Nd7 21. Qf3 Ra6 22. h4 Rb6 23. Rf2 Rf8 24. Bh3 Nc5 25. Qh5 Nd3 0-1


[Site "https://www.chess.com"]

[Event "Titled Tuesday Blitz March 29 Early 2022"]
[White "Polanco Nunez, Yoel Estarling"]
[Black "Fier, Alexandr"]
[WhiteFideId "6401783"]
[BlackFideId "2107139"]
[WhiteElo "2132"]
[BlackElo "2571"]
[Result "0-1"]
[Round "02"]
[TimeControl "180+1"]
[Date "2022.03.30"]
[WhiteClock "0:01:43"]
[BlackClock "0:01:31"]

1. d4 Nf6 2. Nf3 e6 3. e3 c5 4. Bd3 b6 5. O-O Bb7 6. b3 Be7 7. Bb2 O-O 8. Nbd2 d5 9. a3 Nc6 10. Qe2 Rc8 11. Rfc1 Bd6 12. Ba6 Qc7 13. Bxb7 Qxb7 14. dxc5 bxc5 15. e4 Nxe4 16. Nxe4 dxe4 17. Qxe4 Qe7 18. Nd2 Nd4 19. Bxd4 cxd4 20. Nc4 e5 21. Re1 Rce8 22. Qd5 Bb8 23. Rad1 Qf6 24. g3 h5 25. h4 Qg6 26. Kg2 Qxc2 27. Nxe5 Rxe5 28. Rxe5 Bxe5 29. Re1 Bf6 30. b4 d3 0-1


[Site "https://www.chess.com"]

[Event "Titled Tuesday Blitz March 29 Early 2022"]
[White "Polster, Christian"]
[Black "Suarez Uriel, Adrian"]
[WhiteFideId "12965081"]
[BlackFideId "22230874"]
[WhiteElo "2315"]
[BlackElo "2316"]
[Result "1-0"]
[Round "02"]
[TimeControl "180+1"]
[Date "2022.03.30"]
[WhiteClock "0:00:19"]
[BlackClock "0:01:22"]

1. e4 c5 2. Nc3 Nc6 3. Nge2 g6 4. d4 cxd4 5. Nxd4 Bg7 6. Be3 Nf6 7. Bc4 O-O 8. Bb3 Re8 9. f3 e6 10. f4 d6 11. Qf3 Qa5 12. O-O-O Nxd4 13. Rxd4 Ng4 14. Rxd6 Nxe3 15. Qxe3 b5 16. Qc5 Bb7 17. Qxb5 Qxb5 18. Nxb5 Rac8 19. Re1 a6 20. Na3 e5 21. Rd7 Bc6 22. Bxf7+ Kf8 23. Bxe8 Rxe8 24. Rc7 Ba8 25. f5 gxf5 26. exf5 Bxg2 27. Rg1 Bh6+ 28. Kb1 Bf3 29. f6 e4 30. Rxh7 Bf4 31. Rgg7 Be5 32. Rh8# 1-0


[Site "https://www.chess.com"]

[Event "Titled Tuesday Blitz March 29 Early 2022"]
[White "Pourkashiyan, Atousa"]
[Black "Hartikainen, Jarmo"]
[WhiteFideId "12502014"]
[BlackFideId "503134"]
[WhiteElo "2247"]
[BlackElo "2070"]
[Result "1-0"]
[Round "02"]
[TimeControl "180+1"]
[Date "2022.03.30"]
[WhiteClock "0:01:04"]
[BlackClock "0:00:12"]

1. e4 c5 2. Nf3 Nc6 3. d4 cxd4 4. Nxd4 Nf6 5. Nc3 d6 6. Bc4 e6 7. O-O a6 8. Bb3 Bd7 9. Be3 Qc7 10. f4 Be7 11. Qf3 O-O 12. Rae1 Rac8 13. Kh1 b5 14. a3 Nxd4 15. Bxd4 Bc6 16. Qg3 Rfd8 17. f5 e5 18. Be3 Qb7 19. Bh6 Bf8 20. Bg5 Be7 21. Bxf6 Bxf6 22. Bd5 Kh8 23. Rf3 Bxd5 24. Nxd5 Rxc2 25. Nxf6 gxf6 26. Qh4 Rg8 27. Qxf6+ Rg7 28. Rg3 1-0


[Site "https://www.chess.com"]

[Event "Titled Tuesday Blitz March 29 Early 2022"]
[White "Quirke, Jeffrey"]
[Black "Czerw, Dawid"]
[WhiteFideId "2013029"]
[BlackFideId "1145746"]
[WhiteElo "2173"]
[BlackElo "2125"]
[Result "0-1"]
[Round "02"]
[TimeControl "180+1"]
[Date "2022.03.30"]
[WhiteClock "0:00:01"]
[BlackClock "0:00:18"]

1. c4 c5 2. Nf3 Nc6 3. Nc3 g6 4. e3 Nf6 5. d4 cxd4 6. exd4 d5 7. cxd5 Nxd5 8. Qb3 Nxc3 9. Bc4 Nd5 10. Bxd5 e6 11. Bxc6+ bxc6 12. O-O Bg7 13. Bg5 Qd5 14. Rfc1 O-O 15. Rc5 Qd6 16. Rac1 Rb8 17. Qc3 Bd7 18. g3 Rb5 19. Bf4 Qe7 20. Ne5 Bxe5 21. Bxe5 f6 22. Bf4 g5 23. Be3 Rfb8 24. b3 Be8 25. Kg2 Bg6 26. f3 g4 27. fxg4 Be4+ 28. Kf2 Qg7 29. h3 R5b7 30. Bf4 Rd8 31. g5 fxg5 32. Rxg5 Bg6 33. Be5 Rf7+ 34. Kg1 Qh6 35. Rg4 Qxh3 36. Rg5 Rdf8 0-1


[Site "https://www.chess.com"]

[Event "Titled Tuesday Blitz March 29 Early 2022"]
[White "Rastbod, Ali"]
[Black "Jarocka, Liwia"]
[WhiteFideId "12567477"]
[BlackFideId "21807558"]
[WhiteElo "2200"]
[BlackElo "1896"]
[Result "1-0"]
[Round "02"]
[TimeControl "180+1"]
[Date "2022.03.30"]
[WhiteClock "0:00:17"]
[BlackClock "0:01:25"]

1. Nf3 c6 2. g3 d5 3. Bg2 Nf6 4. O-O g6 5. c4 Bg7 6. d4 O-O 7. cxd5 cxd5 8. Ne5 Nc6 9. Nc3 Bf5 10. Bf4 Ne4 11. Nxe4 Bxe4 12. Nxc6 bxc6 13. Bxe4 dxe4 14. e3 c5 15. dxc5 Bxb2 16. Rb1 Ba3 17. Qc2 Qd3 18. Qxd3 exd3 19. c6 Rac8 20. c7 d2 21. Rfd1 Bc1 22. e4 f6 23. Rb7 e5 24. Bxd2 Bxd2 25. Rxd2 h5 26. Rd7 a5 27. a4 Rfe8 28. Kf1 Kf8 29. Rb6 Kg8 30. Rxf6 1-0


[Site "https://www.chess.com"]

[Event "Titled Tuesday Blitz March 29 Early 2022"]
[White "Ravi, Teja S."]
[Black "Hakobyan, Aram"]
[WhiteFideId "5017220"]
[BlackFideId "13306677"]
[WhiteElo "2412"]
[BlackElo "2557"]
[Result "0-1"]
[Round "02"]
[TimeControl "180+1"]
[Date "2022.03.29"]
[WhiteClock "0:02:17"]
[BlackClock "0:02:17"]

1. d4 Nf6 2. c4 e6 3. Nc3 Bb4 4. e3 Bxc3+ 5. bxc3 c5 6. Bd3 d6 7. Qe2 Nc6 8. f4 e5 9. fxe5 dxe5 10. d5 e4 11. Bc2 Ne5 12. a4 Bg4 13. Qf1 O-O 14. Ba3 Qa5 15. Kd2 Rfd8 16. h3 Nxd5 17. cxd5 Rxd5+ 18. Kc1 Qxc3 19. hxg4 Qxa1+ 20. Bb1 Qxa3+ 0-1


[Site "https://www.chess.com"]

[Event "Titled Tuesday Blitz March 29 Early 2022"]
[White "Rengifo Blancas, Renzo Jhonathan"]
[Black "Gaehwiler, Gabriel"]
[WhiteFideId "3807185"]
[BlackFideId "1314530"]
[WhiteElo "2058"]
[BlackElo "2383"]
[Result "0-1"]
[Round "02"]
[TimeControl "180+1"]
[Date "2022.03.30"]
[WhiteClock "0:00:01"]
[BlackClock "0:00:19"]

1. d4 Nf6 2. c4 g6 3. Nc3 Bg7 4. Nf3 O-O 5. g3 d6 6. Bg2 c6 7. O-O Bf5 8. d5 Ne4 9. Nd4 Nxc3 10. bxc3 Bd7 11. Rb1 Qc8 12. Bg5 Re8 13. e4 cxd5 14. cxd5 Qxc3 15. Nb5 Bxb5 16. Rxb5 b6 17. Rb3 Qc4 18. Qc1 Qxc1 19. Rxc1 Nd7 20. Rc7 Nc5 21. Ra3 a5 22. Rxe7 Rxe7 23. Bxe7 Bf8 24. Bf6 Bg7 25. Be7 Bf8 26. Bf6 Re8 27. f3 Bg7 28. Bxg7 Kxg7 29. g4 a4 30. Rc3 f5 31. gxf5 gxf5 32. Rc4 fxe4 33. fxe4 Kf6 34. Rb4 Rb8 35. a3 Ke5 36. Bf1 Rg8+ 37. Bg2 Rf8 38. Rxb6 Rf4 39. Rb4 Rg4 40. Kf1 Rh4 41. Kg1 Rf4 42. h3 Rf8 43. Kh2 Rf2 44. Kg1 Ra2 45. Rb8 Rxa3 46. Re8+ Kd4 47. Rd8 Nb7 48. Rd7 Rb3 49. e5 a3 50. e6 a2 0-1


[Site "https://www.chess.com"]

[Event "Titled Tuesday Blitz March 29 Early 2022"]
[White "Reprintsev, Alexander"]
[Black "Einarsson, Halldor Gretar"]
[WhiteFideId "14100541"]
[BlackFideId "2300150"]
[WhiteElo "2108"]
[BlackElo "2114"]
[Result "1-0"]
[Round "02"]
[TimeControl "180+1"]
[Date "2022.03.30"]
[WhiteClock "0:01:26"]
[BlackClock "0:00:01"]

1. e4 e5 2. f4 exf4 3. Bc4 Nc6 4. d4 g5 5. h4 Bg7 6. c3 Nge7 7. hxg5 d5 8. exd5 Nxd5 9. Qe2+ Be6 10. Nh3 O-O 11. O-O Re8 12. Qh5 Ne3 13. Bxe6 Rxe6 14. Bxe3 Rxe3 15. Nxf4 Rg3 16. Ne2 Rxg5 17. Qxf7+ Kh8 18. Nd2 Ne5 19. Qf4 Rg4 20. Qe3 Ng6 21. Rf2 Qd5 22. Raf1 Rg8 23. c4 Qh5 24. Ng3 Qh4 25. Nf5 Qd8 26. Nxg7 Rxg7 27. Nf3 Nf4 28. Ne1 1-0


[Site "https://www.chess.com"]

[Event "Titled Tuesday Blitz March 29 Early 2022"]
[White "Sahil, Tickoo"]
[Black "Demin, Vladimir"]
[WhiteFideId "5019710"]
[BlackFideId "4167457"]
[WhiteElo "2099"]
[BlackElo "2499"]
[Result "0-1"]
[Round "02"]
[TimeControl "180+1"]
[Date "2022.03.30"]
[WhiteClock "0:00:37"]
[BlackClock "0:01:58"]

1. d4 Nf6 2. Bf4 d5 3. e3 c5 4. c3 Nc6 5. Nd2 Qb6 6. Qc2 cxd4 7. exd4 Bg4 8. Ngf3 e6 9. Bd3 Rc8 10. a3 Be7 11. O-O O-O 12. Rfe1 Bh5 13. h3 Bg6 14. Bxg6 hxg6 15. Rab1 Na5 16. Ne5 Bd6 17. Bg3 Bxe5 18. Bxe5 Nd7 19. Bg3 Qxd4 20. Nf3 Qb6 21. Qe2 Rc4 22. h4 Re4 23. Qc2 Rg4 24. Kh2 Rc8 25. Qe2 Re4 26. Qf1 Rxe1 27. Qxe1 Rc4 28. Ne5 Re4 29. Nxd7 Rxe1 30. Nxb6 Rxb1 0-1


[Site "https://www.chess.com"]

[Event "Titled Tuesday Blitz March 29 Early 2022"]
[White "Salinas Herrera, Pablo"]
[Black "Migot, Tangi"]
[WhiteFideId "3407128"]
[BlackFideId "662445"]
[WhiteElo "2541"]
[BlackElo "2534"]
[Result "1-0"]
[Round "02"]
[TimeControl "180+1"]
[Date "2022.03.29"]
[WhiteClock "0:00:07"]
[BlackClock "0:00:03"]

1. d4 Nf6 2. Bf4 g6 3. e3 Bg7 4. h3 O-O 5. Nf3 d6 6. Be2 c5 7. c3 Be6 8. dxc5 dxc5 9. Nbd2 Qb6 10. Qc2 Nc6 11. O-O Bf5 12. e4 Be6 13. Nc4 Qd8 14. Rad1 Qc8 15. Rfe1 Nd7 16. Ng5 Bxc4 17. Bxc4 Nde5 18. Be2 a6 19. Be3 h6 20. Nf3 Nxf3+ 21. Bxf3 c4 22. Be2 b5 23. f4 Qc7 24. e5 Rad8 25. Bf3 Nb8 26. Qe4 Rxd1 27. Rxd1 Rd8 28. Rxd8+ Qxd8 29. Bd4 e6 30. Qb7 Bf8 31. Kf2 g5 32. f5 Nd7 33. fxe6 fxe6 34. Qxa6 Nc5 35. Qc6 Nd3+ 36. Kg1 Qe7 37. Bg4 Nf4 38. g3 h5 39. gxf4 hxg4 40. f5 exf5 41. Qg6+ Bg7 42. hxg4 fxg4 43. e6 Kf8 44. Qf5+ Kg8 45. Bc5 Qc7 46. Kg2 Qc6+ 47. Kg3 Qf3+ 48. Qxf3 gxf3 49. Kxf3 Bf8 50. Bd4 Be7 51. Kg4 Kh7 52. Kf5 Kh6 53. Be3 Kh5 54. Bf2 g4 55. Bg3 Bd8 56. b3 Be7 57. bxc4 bxc4 58. a4 Bd8 59. a5 Bxa5 60. e7 Bb4 61. e8=Q+ 1-0


[Site "https://www.chess.com"]

[Event "Titled Tuesday Blitz March 29 Early 2022"]
[White "San, Thit Lwin"]
[Black "Guseva, Marina"]
[WhiteFideId "13001272"]
[BlackFideId "4149351"]
[WhiteElo "2232"]
[BlackElo "2160"]
[Result "0-1"]
[Round "02"]
[TimeControl "180+1"]
[Date "2022.03.30"]
[WhiteClock "0:00:45"]
[BlackClock "0:00:08"]

1. Nf3 d5 2. c4 c6 3. d4 Nf6 4. Nc3 a6 5. cxd5 cxd5 6. Bf4 Nc6 7. e3 Bf5 8. Rc1 e6 9. Bd3 Bxd3 10. Qxd3 Bd6 11. Bg5 h6 12. Bh4 Rc8 13. O-O Be7 14. Na4 O-O 15. Nc5 Bxc5 16. Rxc5 g5 17. Bg3 Ne4 18. Rcc1 f6 19. Nd2 Nb4 20. Qb1 Rxc1 21. Rxc1 f5 22. Nxe4 dxe4 23. Rc7 Rf7 24. Rxf7 Kxf7 25. f3 Qd5 26. fxe4 Qxe4 27. Qxe4 fxe4 28. a3 Nd3 29. b4 Nb2 30. Kf1 b5 31. Ke2 Nc4 32. h4 Nxa3 33. hxg5 hxg5 34. Be5 Nc4 35. Bc7 g4 36. Kf2 Kg6 37. Bf4 Kf5 38. Ke2 a5 39. bxa5 Nxa5 40. Kd2 Nc4+ 41. Kc3 e5 42. dxe5 Nxe5 43. Kb4 Nd3+ 44. Kxb5 Nxf4 45. exf4 Kxf4 46. Kc4 Kg3 47. Kd4 Kxg2 48. Kxe4 g3 49. Kf4 Kh2 50. Kg4 g2 51. Kf3 g1=Q 52. Ke4 Qc5 53. Kd3 Qb4 54. Ke3 Qc4 55. Kf3 Kh3 56. Ke3 Kg4 57. Kd2 Qb3 58. Ke2 Qc3 59. Kf2 Qd3 60. Kg2 Qe2+ 61. Kg1 Kg3 0-1


[Site "https://www.chess.com"]

[Event "Titled Tuesday Blitz March 29 Early 2022"]
[White "Sanal, Vahap"]
[Black "Kozlov, Gennady"]
[WhiteFideId "6300545"]
[BlackFideId "4191668"]
[WhiteElo "2603"]
[BlackElo "2392"]
[Result "1-0"]
[Round "02"]
[TimeControl "180+1"]
[Date "2022.03.29"]
[WhiteClock "0:00:11"]
[BlackClock "0:00:17"]

1. e4 e6 2. d4 d5 3. Nc3 dxe4 4. Nxe4 Bd7 5. c4 Bc6 6. Nc3 Nf6 7. Nf3 Bb4 8. Be3 O-O 9. Be2 b6 10. Ne5 Bb7 11. Bf3 c6 12. O-O Bd6 13. Bg5 h6 14. Bh4 Bxe5 15. dxe5 Qxd1 16. Raxd1 Nfd7 17. Rfe1 Rc8 18. Kf1 Nf8 19. Ne4 Ba6 20. Nd6 Rc7 21. b4 Ng6 22. Bg3 h5 23. h4 Bb7 24. Nxb7 Rxb7 25. Rd8+ Kh7 26. b5 Rc7 27. Bxh5 a6 28. Bf3 axb5 29. cxb5 Ne7 30. Be4+ g6 31. Bf4 Nd5 32. Bg5 Rca7 33. Bxd5 cxd5 34. Rc1 Nd7 35. Rxa8 Rxa8 36. Rc7 Nxe5 37. f4 Nc4 38. Rxf7+ Kg8 39. Rf6 Rxa2 40. Rxg6+ Kf7 41. Rf6+ Ke7 42. h5 Ne3+ 43. Kg1 d4 44. h6 d3 45. h7 d2 46. Rf8+ Kxf8 47. h8=Q+ Kf7 48. Qf6+ Kg8 49. Qxe6+ Kg7 50. Bf6+ Kg6 51. Bc3+ Kh5 52. Bxd2 Ra1+ 53. Kf2 Ng4+ 54. Kf3 Rf1+ 55. Ke2 Rf2+ 56. Ke1 Rxg2 57. Qxb6 Kh4 58. Kd1 Nf2+ 59. Qxf2+ Rxf2 60. Be1 Kg4 61. Bxf2 Kxf4 62. b6 1-0


[Site "https://www.chess.com"]

[Event "Titled Tuesday Blitz March 29 Early 2022"]
[White "Sanchez, Robert"]
[Black "Cremisi, Daniel"]
[WhiteFideId "2034360"]
[BlackFideId "2089882"]
[WhiteElo "2252"]
[BlackElo "2172"]
[Result "0-1"]
[Round "02"]
[TimeControl "180+1"]
[Date "2022.03.30"]
[WhiteClock "0:00:03"]
[BlackClock "0:00:14"]

1. e4 e6 2. d4 d5 3. Nd2 a6 4. Ngf3 Nf6 5. e5 Nfd7 6. Bd3 c5 7. c3 Nc6 8. O-O g5 9. c4 cxd4 10. cxd5 exd5 11. Nb3 g4 12. Nfxd4 Ncxe5 13. Re1 Qf6 14. f4 gxf3 15. Nxf3 Bd6 16. Bg5 Qg7 17. Nbd4 O-O 18. Qd2 Nxf3+ 19. Nxf3 Ne5 20. Nxe5 Bxe5 21. Bh6 Bd4+ 22. Kh1 Qf6 23. Bxf8 Kxf8 24. Bxh7 Bxb2 25. Rf1 Bxa1 26. Rxf6 Bxf6 27. Qxd5 Be6 28. Qxb7 Rd8 29. Kg1 Rd1+ 30. Kf2 Rd2+ 31. Ke1 Rxa2 32. Be4 Bc3+ 33. Kd1 Rb2 34. Qxa6 Bg4+ 35. Kc1 Kg7 36. h3 Be6 37. Qd3 Be5 38. h4 Ra2 39. h5 Ra1+ 40. Kd2 Ra2+ 41. Ke3 Rb2 42. Bd5 Bg4 43. h6+ Kxh6 44. Bxf7 Kg5 45. Qg6+ Kh4 0-1


[Site "https://www.chess.com"]

[Event "Titled Tuesday Blitz March 29 Early 2022"]
[White "Sapunov, Evgeny"]
[Black "Koridze, Lile"]
[WhiteFideId "4126661"]
[BlackFideId "13612514"]
[WhiteElo "2470"]
[BlackElo "1999"]
[Result "1-0"]
[Round "02"]
[TimeControl "180+1"]
[Date "2022.03.30"]
[WhiteClock "0:00:41"]
[BlackClock "0:00:50"]

1. c4 e5 2. Nf3 Nc6 3. Nc3 Nf6 4. e3 d5 5. cxd5 Nxd5 6. Bb5 Nxc3 7. bxc3 Bd6 8. d4 Bd7 9. O-O exd4 10. cxd4 O-O 11. Bb2 Ne7 12. Bd3 f5 13. Qb3+ Kh8 14. Ng5 Qe8 15. Bc4 Qg6 16. Nf7+ Rxf7 17. Bxf7 Qh6 18. f4 b6 19. Rac1 Rf8 20. Bc4 Bc6 21. d5 Bb7 22. Be5 Bc5 23. Bxc7 Qg6 24. Be5 Rd8 25. Rcd1 h6 26. Rf2 Kh7 27. Rfd2 Qg4 28. Bd4 Bd6 29. Be2 Qg6 30. Bf3 Bb8 31. Be5 Bd6 32. Bxd6 Rxd6 33. Qa3 a5 34. Qb2 Qe8 35. Qe5 Qd7 36. h3 Ng6 37. Qd4 Nh4 38. Qe5 Rg6 39. Kh2 Qd8 40. Rf2 Rd6 41. Rdd2 Ng6 42. Qd4 Ne7 43. Qe5 Qd7 44. Rd3 Ng6 45. Qc3 Ne7 46. Rfd2 Ng6 47. g3 b5 48. e4 fxe4 49. Bxe4 b4 50. Qc5 Kg8 51. Re3 Ne7 52. Bg2 Nf5 53. Re5 Bc8 54. Rde2 Ba6 55. Re8+ Kf7 56. R2e5 Bd3 57. R8e6 Qd8 58. Rxf5+ Bxf5 59. Rxd6 1-0


[Site "https://www.chess.com"]

[Event "Titled Tuesday Blitz March 29 Early 2022"]
[White "Sarana, Alexey"]
[Black "Dev, Shah"]
[WhiteFideId "24133795"]
[BlackFideId "35019058"]
[WhiteElo "2666"]
[BlackElo "2075"]
[Result "1-0"]
[Round "02"]
[TimeControl "180+1"]
[Date "2022.03.29"]
[WhiteClock "0:01:30"]
[BlackClock "0:00:47"]

1. d4 d5 2. c4 dxc4 3. e4 b5 4. a4 c6 5. axb5 cxb5 6. Nc3 Qb6 7. Nd5 Qb7 8. Bf4 e5 9. Bxe5 Nd7 10. Nc7+ Kd8 11. Nd5 Ngf6 12. Be2 Nxe4 13. Nc3 Bb4 14. Bf3 Nxc3 15. bxc3 Bxc3+ 16. Kf1 Qb6 17. Rc1 Bb2 18. Bxa8 Bxc1 19. Qxc1 Nxe5 20. dxe5 Bf5 21. Qg5+ Kc7 22. Qxf5 Qd4 23. Qxf7+ Kb6 24. Qb7+ Ka5 25. g3 c3 26. Nf3 Qd1+ 27. Kg2 c2 28. Qc7+ Kb4 29. Be4 1-0


[Site "https://www.chess.com"]

[Event "Titled Tuesday Blitz March 29 Early 2022"]
[White "Sargsyan, Anna M."]
[Black "Muradov, Soltan"]
[WhiteFideId "13308130"]
[BlackFideId "14002108"]
[WhiteElo "2271"]
[BlackElo "1854"]
[Result "1-0"]
[Round "02"]
[TimeControl "180+1"]
[Date "2022.03.30"]
[WhiteClock "0:00:06"]
[BlackClock "0:00:03"]

1. d4 Nf6 2. c4 e6 3. Nf3 b6 4. g3 Ba6 5. Qc2 c6 6. Bg2 d5 7. Ne5 Nfd7 8. cxd5 Nxe5 9. dxc6 Nexc6 10. Bxc6+ Nxc6 11. Qxc6+ Ke7 12. Qa4 Bb7 13. f3 f6 14. Nc3 Kf7 15. Be3 Bd6 16. O-O Qe7 17. Kg2 a6 18. Rac1 b5 19. Qd1 Rac8 20. Qd3 g6 21. Bf2 Rhd8 22. e4 Bb8 23. Rfd1 Kg8 24. Ne2 Bd6 25. a3 Rxc1 26. Rxc1 Rc8 27. Rxc8+ Bxc8 28. d5 e5 29. Qc2 Qb7 30. Nc1 Bd7 31. Nd3 Kf7 32. Bc5 Qc7 33. b4 Be7 34. Qc1 Bd8 35. Kf2 Qb7 36. Ke2 Bc7 37. Be3 Bd6 38. Bc5 Bc7 39. Be3 Bd6 40. Nc5 Qc8 41. Kd3 Be8 42. Nb3 Qh3 43. Qc2 Bd7 44. Qe2 Bc8 45. Nc5 h5 46. Qf2 h4 47. Ke2 hxg3 48. hxg3 Qh1 49. Nd3 Qa1 50. Bd2 Qxa3 51. Qa7+ Ke8 52. Qa8 Kd8 53. Qc6 Ke7 54. Qxc8 Qa2 55. Qe6+ 1-0


[Site "https://www.chess.com"]

[Event "Titled Tuesday Blitz March 29 Early 2022"]
[White "Secer, Ata"]
[Black "Bortnyk, Olexandr"]
[WhiteFideId "6303293"]
[BlackFideId "14120828"]
[WhiteElo "2282"]
[BlackElo "2723"]
[Result "0-1"]
[Round "02"]
[TimeControl "180+1"]
[Date "2022.03.30"]
[WhiteClock "0:01:53"]
[BlackClock "0:02:12"]

1. e4 d6 2. d4 Nf6 3. Nc3 e5 4. Nf3 Nbd7 5. Bc4 Be7 6. O-O c6 7. a4 h6 8. Re1 Qc7 9. b3 g5 10. Ba3 Nf8 11. dxe5 dxe5 12. Bxe7 Qxe7 13. Qd3 Ng6 14. Rad1 Nf4 15. Qd6 Bg4 16. Re3 Bxf3 17. Re2 Qxd6 0-1


[Site "https://www.chess.com"]

[Event "Titled Tuesday Blitz March 29 Early 2022"]
[White "Shohat, Yotam"]
[Black "Ardila, Oscar Humberto"]
[WhiteFideId "2813955"]
[BlackFideId "4404742"]
[WhiteElo "2119"]
[BlackElo "1966"]
[Result "1-0"]
[Round "02"]
[TimeControl "180+1"]
[Date "2022.03.30"]
[WhiteClock "0:00:44"]
[BlackClock "0:00:42"]

1. e4 e5 2. f4 Nf6 3. fxe5 Nxe4 4. Nf3 d5 5. d3 Nc5 6. d4 Ne6 7. Bd3 Be7 8. O-O O-O 9. c3 c5 10. Be3 Nc6 11. Nbd2 b6 12. a3 a5 13. Qe2 Bb7 14. Rf2 cxd4 15. cxd4 Nb8 16. Raf1 Ba6 17. Nb1 Bxd3 18. Qxd3 Nc6 19. Nc3 Rc8 20. Qb5 Bg5 21. Nxg5 Nxg5 22. Nxd5 Ne4 23. Rf4 Ng5 24. Rg4 Ne6 25. Nf6+ Kh8 26. Qd3 g6 27. Rh4 1-0


[Site "https://www.chess.com"]

[Event "Titled Tuesday Blitz March 29 Early 2022"]
[White "Shuvalov, Evgenij"]
[Black "Molina, Roberto Junio Brito"]
[WhiteFideId "4187237"]
[BlackFideId "2109450"]
[WhiteElo "2151"]
[BlackElo "2432"]
[Result "0-1"]
[Round "02"]
[TimeControl "180+1"]
[Date "2022.03.30"]
[WhiteClock "0:00:01"]
[BlackClock "0:00:33"]

1. Nf3 d5 2. c4 c6 3. g3 e6 4. Bg2 dxc4 5. O-O b5 6. d3 cxd3 7. Ne5 Bb7 8. Nxd3 Nd7 9. a4 a6 10. Be3 Qb8 11. Nd2 c5 12. axb5 Bxg2 13. Kxg2 axb5 14. f3 Ngf6 15. b4 c4 16. Nf4 Rxa1 17. Qxa1 Bd6 18. Rb1 O-O 19. Qc3 Rd8 20. g4 e5 21. Nh3 Nd5 22. Qa3 N7f6 23. Bf2 e4 24. g5 exf3+ 25. Qxf3 c3 26. Nb3 Bxb4 27. gxf6 Nxf6 28. Rg1 c2 29. Kh1 Rd1 30. Be1 Rxe1 31. Rxe1 Bxe1 32. Qd3 Qc8 33. Nc1 b4 34. Nf4 h6 35. Ng2 Bf2 36. e3 Qc6 37. h3 Bg3 38. Qd2 Bd6 39. Nb3 Ne4 40. Qc1 Qc3 41. Nd4 b3 42. Nxb3 Qxb3 43. Qf1 Qb1 44. Qe1 Bg3 45. Qg1 Nf2# 0-1


[Site "https://www.chess.com"]

[Event "Titled Tuesday Blitz March 29 Early 2022"]
[White "Shvedova, Alexandra"]
[Black "Piliczewski, Bogusz"]
[WhiteFideId "54154782"]
[BlackFideId "1104144"]
[WhiteElo "1912"]
[BlackElo "1896"]
[Result "1/2-1/2"]
[Round "02"]
[TimeControl "180+1"]
[Date "2022.03.30"]
[WhiteClock "0:00:07"]
[BlackClock "0:00:15"]

1. e4 c6 2. d4 d5 3. Nc3 dxe4 4. Nxe4 Bf5 5. Ng3 Bg6 6. Nf3 Nd7 7. h4 h6 8. h5 Bh7 9. Bd3 Bxd3 10. Qxd3 e6 11. Bd2 Ngf6 12. O-O-O Be7 13. Ne4 Nxe4 14. Qxe4 Nf6 15. Qe2 a5 16. g4 a4 17. a3 b5 18. g5 hxg5 19. Nxg5 Qd5 20. Kb1 b4 21. axb4 a3 22. b3 Qxd4 23. c3 Qg4 24. Qxg4 Nxg4 25. Rdf1 Nf6 26. Rh3 Rxh5 27. Rxh5 Nxh5 28. Rh1 g6 29. Ka2 Rd8 30. Bc1 Bf6 31. Ne4 Be5 32. Re1 Ke7 33. Bxa3 f5 34. b5+ Kf7 35. Ng5+ Kf6 36. Nh7+ Kg7 37. Rxe5 Kxh7 38. Rxe6 Rd2+ 39. Bb2 cxb5 40. c4 bxc4 41. bxc4 Rxf2 42. c5 Rc2 43. c6 Nf4 44. Re7+ Kh6 45. c7 g5 46. Rf7 Kg6 47. Rf6+ Kh5 48. Rf7 Nd3 49. Kb3 Rxb2+ 50. Kc3 Rb1 51. Kxd3 Rc1 52. Kd4 Kg4 53. Ke5 f4 54. Ke4 Kg3 55. Rg7 g4 56. Kf5 f3 57. Rxg4+ Kf2 58. Rf4 Ke2 59. Kg4 f2 60. Re4+ Kd3 61. Rf4 Ke3 62. Rf3+ Ke2 63. Kg3 Rxc7 64. Rxf2+ Ke1 1/2-1/2


[Site "https://www.chess.com"]

[Event "Titled Tuesday Blitz March 29 Early 2022"]
[White "Skliarov, Viktor"]
[Black "Fedoseev, Vladimir"]
[WhiteFideId "14106736"]
[BlackFideId "24130737"]
[WhiteElo "2229"]
[BlackElo "2726"]
[Result "1/2-1/2"]
[Round "02"]
[TimeControl "180+1"]
[Date "2022.03.29"]
[WhiteClock "0:00:18"]
[BlackClock "0:00:20"]

1. e4 c6 2. d4 d5 3. e5 Bf5 4. Nf3 e6 5. Be2 Ne7 6. O-O h6 7. Nbd2 Nd7 8. Nb3 a5 9. a4 Nc8 10. Bd2 Bb4 11. Bxb4 axb4 12. a5 Qe7 13. Qd2 O-O 14. Ra4 c5 15. dxc5 Nxc5 16. Nxc5 Qxc5 17. Qxb4 Qxb4 18. Rxb4 Rxa5 19. Nd4 Ra7 20. Nb5 Ra6 21. Nd4 Ra7 22. Nb5 Ra6 23. Nd4 Rb6 24. Rxb6 Nxb6 25. Nxf5 exf5 26. Ra1 Ra8 27. Rxa8+ Nxa8 28. c4 dxc4 29. Bxc4 Nb6 30. Bb3 Kf8 31. f4 Nd7 32. Bd5 Nc5 33. Kf2 Nd3+ 34. Ke3 Nxb2 35. Bxb7 Na4 36. Kd4 Ke7 37. Bc8 g6 38. Bb7 Nb6 39. g3 Nd7 40. Bd5 Nf8 41. Bc4 Nd7 42. Bd5 Nb8 43. Kc5 Nd7+ 44. Kd4 1/2-1/2


[Site "https://www.chess.com"]